 Dungeon Crawl Stone Soup version 0.21.0-26-g889b8f6 (webtiles) character file.

366 TomFerret the Skirmisher (level 6, -2/56 HPs)
             Began as a Minotaur Fighter on Jan 27, 2018.
             Killed from afar by an orc wizard (5 damage)
             ... with a magic dart
             ... on level 4 of the Dungeon.
             The game lasted 00:09:11 (2691 turns).

TomFerret the Skirmisher (Minotaur Fighter)         Turns: 2691, Time: 00:09:11

Health: -2/56      AC: 11    Str: 23    XL:     6   Next: 40%
Magic:  5/5        EV:  9    Int:  5    God:
Gold:   164        SH:  9    Dex:  9    Spells: 5/5 levels left

rFire    . . .     SeeInvis .   a - +0 war axe
rCold    . . .     Gourm    .   c - +0 shield
rNeg     . . .     Faith    .   b - +0 scale mail
rPois    .         Spirit   .   q - +0 hat
rElec    .         Reflect  .   (no cloak)
rCorr    .         Harm     .   (no gloves)
MR       .....                  i - +0 pair of boots
Stlth    ..........             (no amulet)
HPRegen  0.18/turn              j - +2 ring of protection
MPRegen  0.09/turn              (no ring)

@: no status effects
A: retaliatory headbutt, claws 1, horns 2, talons 1, shaggy fur 1
a: no special abilities


You were on level 4 of the Dungeon.
You were not hungry.

You visited 1 branch of the dungeon, and saw 4 of its levels.

You collected 164 gold pieces.

Inventory:

Hand Weapons
 a - a +0 war axe (weapon)
Missiles
 e - 16 arrows
 g - 42 stones (quivered)
 r - 34 bolts
Armour
 b - a +0 scale mail (worn)
 c - a +0 shield (worn)
 i - a +0 pair of boots (worn)
 q - a +0 hat (worn)
 t - a +1 ring mail of cold resistance
Jewellery
 j - a +2 ring of protection (left claw)
Scrolls
 h - a scroll of blinking
 l - 2 scrolls of identify
 n - a scroll of remove curse {unknown}
 o - a scroll of fear
 s - a scroll of enchant weapon {unknown}
Potions
 k - a potion of brilliance
 m - a potion of mutation
 p - 2 potions of lignification
Comestibles
 d - 10 chunks of flesh
 f - 4 rations


   Skills:
 + Level 5.2 Fighting
 + Level 5.0 Axes
 - Level 1.0 Throwing
 - Level 4.3 Armour
 + Level 3.1 Dodging
 - Level 4.3 Shields


You had 5 spell levels left.
You didn't know any spells.

Dungeon Overview and Level Annotations

Branches:
Dungeon (4/15)
 Temple: D:4-7

Altars:
Sif Muna
Trog

Annotations:
D:3 Blork the orc


Innate Abilities, Weirdness & Mutations

You reflexively headbutt those who attack you in melee.
You have a pair of horns on your head.
You have sharp fingernails.
You have sharp toenails.
You are covered in fur. (AC +1)


Message History

You barely miss the orc. Your headbutt misses the orc.
The orc is heavily wounded.
The orc hits you but does no damage.
You slash the orc!
You kill the orc!
The orc wizard hits you with a dagger.
* * * LOW HITPOINT WARNING * * *
You hit the orc wizard.
The orc wizard is moderately wounded.
The orc wizard gestures wildly while chanting.
The orc wizard blinks!
The orc wizard mumbles some strange words.
The orc wizard flickers and vanishes!
Deactivating autopickup; reactivate with Ctrl-A.
It was a potion of mutation.
You feel extremely strange.
Your toenails lengthen and sharpen.
Fur sprouts all over your body.
Your fingernails lengthen.
The orc wizard casts a spell at you. The magic dart hits you!
You die...

.....# ##......######
.......................(.
..........###............
...........#............
#.....#................
#.....#................
#......................
#....###.......)[......
#...{ยง@........))......
#..o.######...)).......
#....# #............
#....# #............
#....# #...........#
#...o# #############
#..o.# #....#


You could see an orc wizard.

Vanquished Creatures
  The ghost of Ash44 the Sneak, an amateur DsAs (D:3)
  2 orc priests (D:4)
  A centaur skeleton (D:3)
  A worker ant (D:4)
  A hound skeleton (D:4)
  4 adders
  4 gnolls (D:4)
  An ooze (D:2)
  2 worms
  A leopard gecko (D:4)
  7 orcs
  4 giant cockroaches
  5 goblins
  7 hobgoblins
  3 jackals (D:2)
  4 quokkas
  9 bats
  7 frilled lizards
  A jackal skeleton (D:4)
  7 kobolds
  4 rats
76 creatures vanquished.

Vanquished Creatures (others)
  A wizard (D:3)
1 creature vanquished.

Grand Total: 77 creatures vanquished

Notes
Turn   | Place    | Note
-------+----------+-------------------------------------------
     0 | D:1      | TomFerret the Minotaur Fighter began the quest for the Orb.
     0 | D:1      | Reached XP level 1. HP: 19/19 MP: 0/0
   140 | D:1      | Reached XP level 2. HP: 25/26 MP: 1/1
   249 | D:1      | Reached skill level 1 in Throwing
   858 | D:2      | Reached XP level 3. HP: 31/31 MP: 2/2
  1271 | D:2      | Reached XP level 4. HP: 40/40 MP: 3/3
  1449 | D:3      | Noticed Blork the orc
  1569 | D:3      | Reached skill level 1 in Dodging
  2073 | D:3      | Found a bloodstained altar of Trog.
  2076 | D:3      | Noticed a wizard
  2081 | D:3      | Killed a wizard
  2153 | D:3      | Noticed Ash44's ghost (amateur DsAs)
  2159 | D:3      | Killed Ash44's ghost
  2159 | D:3      | Reached XP level 5. HP: 47/47 MP: 4/4
  2178 | D:3      | Found a deep blue altar of Sif Muna.
  2618 | D:4      | Reached XP level 6. HP: 49/55 MP: 5/5
  2624 | D:4      | Reached skill level 5 in Fighting
  2624 | D:4      | Reached skill level 5 in Axes
  2628 | D:4      | HP: 2/56 [gnoll/spear (6)]
  2689 | D:4      | HP: 2/56 [orc wizard/dagger (4)]
  2691 | D:4      | Gained mutation: You have sharp toenails. [potion of mutation]
  2691 | D:4      | Gained mutation: You are covered in fur. (AC +1) [potion of mutation]
  2691 | D:4      | Gained mutation: You have sharp fingernails. [potion of mutation]
  2691 | D:4      | Killed from afar by an orc wizard

Skill      XL: |  1  2  3  4  5  6 |
---------------+-------------------+-----
Throwing       | 1 |  1.0
Shields        | 4 |  4.3
Armour         | 4 |  4.3
Axes           | 3 4 5 |  5.0
Dodging        | 2 3 |  3.1
Fighting       | 4 5 |  5.2

Action                   |  1- 3 |  4- 6 || total
-------------------------+-------+-------++-------
Melee: War axe           |   108 |    90 ||   198
       Headbutt          |    17 |    12 ||    29
Throw: Stone             |     1 |     9 ||    10
  Use: Potion            |     2 |     3 ||     5
       Scroll            |     2 |     1 ||     3
  Eat: Chunk             |     1 |     5 ||     6
Armor: Scale mail        |    57 |    56 ||   113
Dodge: Dodged            |    33 |    34 ||    67
Block: Shield            |    52 |    50 ||   102
